AoeStats
← Murderer Potato

Pilgrims

509418629Analyzed
3v3 RM · 6d ago on Sep 26, 2026· 45m 19s· 6 players
Game mode
Random Map
Map size
Normal (6 player)
Population
200
Speed
Normal
Resources
Standard
Victory
Conquest
Starting age
Dark Age
Ending age
Imperial Age
RankedLock teamsTeams togetherTeam positionsShared explorationLock speedFull tech treeHidden civsTurbo modeCheats
Victory
Defeat
🇨🇱 Chinese · Chile
1144
+14
🇦🇷 Saxons · Argentina
1141
+30
🇲🇽 Celts · Mexico
1044
+18
🇫🇷 Italians · France
1110
-16
🇫🇮 Bulgarians · Finland
1083
-15
🇫🇮 Varangians · Finland
1076
-15
KissMyAxe
8:56 Feudal Age
9:58 Loom
12:04 Fletching
19:42 Castle Age
22:02 Medium Warships
23:19 Wheelbarrow
23:01 Bodkin Arrow
23:01 Crossbowman
23:47 Thumb Ring
24:01 Double-Bit Axe
27:16 Gold Mining
27:38 Bow Saw
27:46 Hand Cart
27:55 Padded Archer Armor
30:56 Leather Archer Armor
31:14 Ballistics
32:51 Fishing Lines
38:56 Imperial Age
35:55 Elite Skirmisher
39:31 Gillnets
39:52 Bracer
40:23 Ring Archer Armor
40:55 Chemistry
39:38 Arbalester
41:02 Cavalier
42:36 Scale Barding Armor
43:37 Bloodlines
43:40 Forging
44:03 Husbandry
TFS|Nappa
5:53 Loom
12:43 Feudal Age
13:07 Fishing Lines
14:17 Wheelbarrow
15:44 Double-Bit Axe
17:13 Fletching
22:29 Castle Age
26:49 Imperial Age
29:58 Careening
31:52 Chemistry
34:21 Siege Engineers
39:04 Clinker Construction
Wickerman313
10:07 Feudal Age
9:29 Loom
15:38 Fletching
16:07 Double-Bit Axe
22:43 Castle Age
21:24 Scale Mail Armor
26:14 Town Watch
28:07 Stone Mining
31:33 Wheelbarrow
Alanccino
9:20 Feudal Age
10:39 Fishing Lines
19:10 Castle Age
16:37 Man-at-Arms
18:15 Forging
20:22 Long Swordsman
20:48 Gambesons
25:40 Double-Bit Axe
26:34 Loom
31:24 Gillnets
Phant*
8:15 Loom
10:46 Feudal Age
12:35 Man-at-Arms
15:50 Double-Bit Axe
15:46 Horse Collar
16:47 Fletching
18:25 Gold Mining
21:57 Wheelbarrow
23:28 Castle Age
22:22 Wheelbarrow
24:04 Bodkin Arrow
23:36 Crossbowman
25:53 Heated Shot
26:06 Padded Archer Armor
26:29 Town Watch
27:49 Ballistics
29:03 Thumb Ring
30:03 Guard Tower
31:40 Masonry
39:21 Imperial Age
41:22 Chemistry
40:52 Architecture
40:56 Squires
41:25 Bracer
43:50 Arbalester
Murderer Potato
4:20 Loom
11:42 Feudal Age
18:29 Castle Age
18:14 Stone Mining
21:42 Stone Shaft Mining
24:40 Gold Mining
25:19 Horse Collar
28:53 Wheelbarrow
29:24 Double-Bit Axe
30:59 Gold Shaft Mining
30:48 Medium Warships
31:06 Hand Cart
36:06 Imperial Age
35:01 Fletching
35:12 Padded Archer Armor
36:56 Ballistics
36:52 Thumb Ring
37:51 Chemistry
38:04 Heavy Rocket Cart
39:03 Bodkin Arrow
39:24 Leather Archer Armor
39:51 Bracer
41:24 Conscription
44:26 Ring Archer Armor
Connection lost

Rejoining the realm…

Still unreachable

The connection could not be restored.

Session expired

The server has moved on; the page needs a fresh start.